 Dungeon Crawl Stone Soup version 0.17-a0-1421-g95311d7 (console) character file.

16220 Fusha the Impaler (level 12, 53/81 HPs)
             Began as a Merfolk Wanderer on June 25, 2015.
             Was an Initiate of Gozag.
             Starved to death
             ... while paralysed
             ... on level 3 of the Lair of Beasts.
             The game lasted 01:32:26 (18372 turns).

Fusha the Impaler (Merfolk Wanderer)               Turns: 18372, Time: 01:32:26

Health: 53/81      AC: 14    Str: 13    XL:     12   Next: 35%
Magic:  19/19      EV:  2    Int: 12    God:    Gozag
Gold:   2402       SH:  0    Dex: 19    Spells: 4 memorised, 12 levels left

rFire  + . .     SeeInvis .     F - +0 trident
rCold  . . .     Clarity  .     V - +0 robe {rF+}
rNeg   . . .     SustAt   +     u - +0 buckler
rPois  .         Gourm    .     i - +2 helmet
rElec  .         Spirit   .     o - +1 cloak
rCorr  .         Warding  .     (no gloves)
rMut   .         Stasis   .     (no boots)
MR     .....                    J - amulet of regeneration
Stlth  ++........               H - ring of sustain attributes
                                U - +5 ring of protection

@: paralysed, mildly poisoned (53 -> 44), starving, not resistant to hostile
enchantments, unstealthy
A: change form in water, swift swim, large bone plates 1, clever 1, spit poison
1
a: Spit Poison, Potion Petition, Call Merchant, Bribe Branch, Renounce Religion


You were on level 3 of the Lair of Beasts.
You worshipped Gozag.
Gozag was noncommittal.
You were starving.

You visited 2 branches of the dungeon, and saw 12 of its levels.

You collected 2598 gold pieces.
You spent 105 gold pieces at shops.
You paid 91 gold pieces to Gozag.

Inventory:

Hand weapons
 c - a +0 mace
 g - a +0 flail
 y - a +0 spear
 A - a +3 short sword
 F - a +0 trident (weapon)
 I - a +0 halberd
Missiles
 Y - 3 throwing nets (quivered)
Armour
 b - a +0 ring mail
 d - a +1 animal skin
 i - a +2 helmet (worn)
 o - a +1 cloak (worn)
 r - a +0 robe
 s - a +0 leather armour
 u - a +0 buckler (worn)
 v - a +2 robe of cold resistance
 C - a +0 robe
 V - a +0 robe of fire resistance (worn)
Jewellery
 k - an uncursed amulet of guardian spirit
 t - an uncursed amulet of faith
 D - an uncursed ring of protection from cold
 H - a ring of sustain attributes (right hand)
 J - an amulet of regeneration (around neck)
 U - a +5 ring of protection (left hand)
Magical devices
 M - a wand of teleportation (5)
 N - a wand of fire (7)
 Q - a wand of fire (7)
 S - a wand of digging (18)
 W - a wand of random effects (19)
Scrolls
 e - 5 scrolls of amnesia
 f - 2 scrolls of noise
 m - 7 scrolls of remove curse
 p - 2 scrolls of blinking
 q - 2 scrolls of magic mapping
 w - a scroll of immolation
 x - 5 scrolls of fog
 z - a scroll of enchant weapon
 G - a scroll of fear
 O - 2 scrolls of vulnerability {unknown}
 P - 2 scrolls of teleportation
 X - a scroll of recharging {unknown}
Potions
 j - a potion of haste
 l - a potion of magic
 E - a potion of flight
Books
 a - a book of Minor Magic

   Spells                             Type                      Level
   a - Magic Dart                     Conjuration                  1
   b - Blink                          Translocation                2
   c - Call Imp                       Summoning                    2
   d - Repel Missiles                 Charms/Air                   2
   e - Slow                           Hexes                        2
   f - Conjure Flame                  Conjuration/Fire             3
   g - Mephitic Cloud                 Conjuration/Poison/Air       3
 K - a book of Callings

   Spells                             Type                      Level
   a - Summon Small Mammal            Summoning                    1
   b - Call Imp                       Summoning                    2
   c - Call Canine Familiar           Summoning                    3
   d - Summon Guardian Golem          Hexes/Summoning              3
   e - Summon Lightning Spire         Summoning/Air                4
   f - Summon Ice Beast               Ice/Summoning                4
Miscellaneous
 T - a phial of floods (inert)


   Skills:
 - Level 3.1 Fighting
 - Level 1.0 Maces & Flails
 * Level 16.5 Polearms
 - Level 1.0 Armour
 + Level 13.2 Dodging
 - Level 2.2 Stealth
 - Level 4.0 Shields
 - Level 5.0 Spellcasting
 - Level 6.0 Charms
 - Level 3.0 Translocations
   Level 1.3 Transmutations
 + Level 5.7 Evocations


You had 12 spell levels left.
You knew the following spells:

 Your Spells              Type           Power        Failure   Level  Hunger
a - Repel Missiles        Chrm/Air       ##....       12%         2    ##.....
b - Blink                 Tloc           N/A          12%         2    ##.....
c - Mephitic Cloud        Conj/Pois/Air  #.......     69%         3    ###....
d - Call Imp              Summ           #.......     34%         2    ##.....


Dungeon Overview and Level Annotations

Branches:
Dungeon (9/15)             Temple (0/1) D:7            Lair (3/8) D:9
    Orc (0/4) D:9
  Swamp: Lair:3-6    Shoals: Lair:3-6     Snake: Lair:3-6    Spider: Lair:3-6

Altars:
Dithmenos
Gozag
Kikubaaqudgha
Makhleb
Okawaru
Trog
Vehumet

Shops:
D:4 ?

Portals:
Volcano: Lair:3

Annotations:
Lair:3 Gastronok, Urug


Innate Abilities, Weirdness & Mutations

You revert to your normal form in water.
You are very nimble and swift while swimming.
You are partially covered in large bone plates (AC +2, SH +2).
Your mind is acute. (Int +2)
You can spit weak poison.


Message History

You see here 7 gold pieces.
You hear the rumble of a distant avalanche of rocks.
You lose consciousness!
You can move again.
You lose consciousness!
You can move again.
You lose consciousness!
You can move again.
Found a plate armour.
The spiny frog croaks.
You lose consciousness!
The spiny frog stings you!
You are poisoned.
The spiny frog poisons you!
You feel sick. The spiny frog stings you!
You are more poisoned.
The spiny frog poisons you!
You have starved to death.
You die...
Your body crumbles into a pile of gold.

##..#.... #....##.. ##....##. *
##* ##.....### *** **** #P####
#........#
*,***,,######....########......##
,,,,,,,..[...............<....##.
,,,,,,,.......................##.
,,,,,,,........F@............##..
,,,,,,,.....................##...
,,,,,,,...................)......
,,,,,,,..........................
,,,,,,$..........................
,,,,***.####..#########..........
,,,** *** ###* ##P...##### ,,,**
##...# ,,,,****** ##..P#


You could see a spiny frog.

Vanquished Creatures
  Erolcha (D:8)
  Harold (Lair:2)
  A hydra (Lair:2)
  Pikel (D:6)
  The ghost of panicbit the Covered, an experienced MiFi (D:7)
  A gargoyle (D:9)
  A komodo dragon (Lair:1)
  A spiny frog (Lair:1)
  A troll (D:9)
  Grinder (D:6)
  The ghost of bal the Ducker, an average DsGl of Kikubaaqudgha (D:4)
  A two-headed ogre (D:9)
  A deep elf mage (D:9)
  A basilisk (Lair:2)
  A hungry ghost (D:8)
  Grum (D:8)
  2 water moccasins
  4 wolves (D:8)
  21 yaks
  3 hippogriffs
  3 orc warriors
  7 soldier ants (Lair:2)
  3 porcupines
  3 black bears
  A swamp drake (D:9)
  2 ogres (D:3)
  7 centaurs
  4 phantoms
  An eye of draining (D:5)
  A necrophage (D:6)
  3 sky beasts
  10 giant frogs
  2 wyvern zombies
  7 scorpions
  A crimson imp (D:7)
  2 centaur skeletons
  2 quasits
  14 orc wizards
  4 giant frog skeletons
  10 orc priests
  10 hounds
  33 worker ants
  3 iguanas
  A hound zombie (D:9)
  A hound skeleton (D:6)
  2 worker ant zombies
  11 adders
  21 river rats
  9 gnolls
  A shadow imp (D:5)
  An ooze (D:4)
  2 worms
  4 giant geckos
  40 orcs
  3 ball pythons (D:2)
  18 bats
  5 giant cockroaches
  9 goblins
  17 hobgoblins
  3 jackals (D:5)
  6 quokkas
  7 giant newts
  19 kobolds
  A quokka skeleton (D:5)
  18 rats
378 creatures vanquished.

Vanquished Creatures (others)
  A slave (D:6)
  2 orc wizards
  A hound skeleton (D:6)
  An orc (D:6)
  A hobgoblin (D:6)
  2 fungi
  A plant (Lair:2)
9 creatures vanquished.

Grand Total: 387 creatures vanquished

Notes
Turn   | Place    | Note
--------------------------------------------------------------
     0 | D:1      | Fusha the Merfolk Wanderer began the quest for the Orb.
     0 | D:1      | Fusha set off with: a book of Minor Magic, a +0 ring mail, a +0 mace, a bread ration
     0 | D:1      | Reached XP level 1. HP: 15/15 MP: 2/2
    47 | D:1      | Reached skill level 1 in Dodging
    76 | D:1      | Reached XP level 2. HP: 16/21 MP: 3/3
  1030 | D:1      | Reached XP level 3. HP: 25/27 MP: 4/4
  1309 | D:2      | Learned a level 2 spell: Repel Missiles
  1737 | D:2      | Found an iron altar of Okawaru.
  2108 | D:2      | Reached XP level 4. HP: 30/33 MP: 5/5
  2639 | D:3      | Reached skill level 1 in Polearms
  2845 | D:3      | Reached XP level 5. HP: 32/39 MP: 6/6
  3346 | D:3      | Reached skill level 4 in Charms
  3376 | D:3      | Gained mutation: You are partially covered in large bone plates (AC +2, SH +2). [potion of beneficial mutation]
  3376 | D:3      | HP: 1/39 [orc/hand axe (3)]
  3387 | D:3      | Reached skill level 1 in Shields
  3397 | D:3      | Gained mutation: You can spit weak poison. [potion of beneficial mutation]
  3398 | D:3      | Gained mutation: Your mind is acute. (Int +2) [potion of beneficial mutation]
  3538 | D:4      | Noticed an ogre
  3548 | D:3      | Noticed an ogre
  3803 | D:4      | Noticed bal's ghost (average DsGl)
  3829 | D:5      | Entered Level 5 of the Dungeon
  4018 | D:5      | Noticed a centaur
  4503 | D:3      | Killed an ogre
  4503 | D:3      | Reached XP level 6. HP: 29/46 MP: 7/7
  4702 | D:3      | Killed an ogre
  4893 | D:4      | Found Gamig's Magic Scroll Shoppe.
  4901 | D:4      | Bought a scroll of blinking for 105 gold pieces
  4930 | D:4      | Noticed a phantom
  5080 | D:3      | Killed a phantom
  5080 | D:3      | Reached XP level 7. HP: 30/52 MP: 8/8
  5301 | D:4      | Reached skill level 5 in Dodging
  5301 | D:4      | Reached skill level 5 in Charms
  5462 | D:4      | Reached skill level 5 in Polearms
  6481 | D:5      | Killed a centaur
  6497 | D:5      | Reached skill level 6 in Polearms
  6497 | D:5      | Reached XP level 8. HP: 30/58 MP: 6/9
  7445 | D:5      | Noticed a phantom
  7825 | D:5      | Noticed an eye of draining
  7859 | D:5      | Killed an eye of draining
  8188 | D:5      | Found an opulent altar of Gozag.
  8199 | D:5      | Became a worshipper of Gozag Ym Sagoz the Greedy
  8371 | D:5      | HP: 2/58 [orc priest/divine providence (13)]
  8703 | D:6      | Noticed Grinder
  8711 | D:5      | Reached skill level 7 in Polearms
  9054 | D:6      | Noticed Pikel
  9099 | D:6      | Killed Pikel
  9099 | D:6      | Reached skill level 9 in Polearms
  9099 | D:6      | Reached XP level 9. HP: 57/63 MP: 7/10
  9476 | D:6      | Reached skill level 10 in Polearms
  9482 | D:6      | Learned a level 2 spell: Blink
  9530 | D:6      | Found a bloodstained altar of Trog.
  9531 | D:6      | Found a radiant altar of Vehumet.
  9535 | D:6      | Found a burning altar of Makhleb.
  9572 | D:6      | Paralysed by something for 4 turns
  9827 | D:6      | Found a burning altar of Makhleb.
  9904 | D:6      | Killed Grinder
  9985 | D:6      | Found a shadowy altar of Dithmenos.
 10276 | D:7      | Reached skill level 11 in Polearms
 10301 | D:7      | Found a staircase to the Ecumenical Temple.
 10460 | D:7      | Reached skill level 10 in Dodging
 10460 | D:7      | Reached XP level 10. HP: 66/70 MP: 13/13
 10611 | D:7      | Learned a level 3 spell: Mephitic Cloud
 10817 | D:7      | Noticed panicbit's ghost (experienced MiFi)
 11230 | D:7      | Killed panicbit's ghost
 11230 | D:7      | Reached skill level 12 in Polearms
 11667 | D:8      | Noticed Grum
 11702 | D:8      | Killed Grum
 11718 | D:8      | Reached skill level 13 in Polearms
 11861 | D:8      | Learned a level 2 spell: Call Imp
 12145 | D:8      | Noticed Erolcha
 12177 | D:8      | Killed Erolcha
 12177 | D:8      | Reached skill level 14 in Polearms
 12604 | D:9      | Found an ancient bone altar of Kikubaaqudgha.
 12617 | D:9      | Reached XP level 11. HP: 75/75 MP: 17/17
 13017 | D:9      | Reached skill level 15 in Polearms
 13807 | D:9      | Found a staircase to the Orcish Mines.
 14072 | D:9      | Found a staircase to the Lair.
 14321 | Lair:1   | Entered Level 1 of the Lair of Beasts
 14567 | D:5      | Killed a phantom
 14747 | D:4      | Killed bal's ghost
 15009 | Lair:1   | Reached skill level 5 in Spellcasting
 15287 | Lair:1   | Reached skill level 1 in Translocations
 15893 | Lair:2   | Noticed Harold
 15961 | Lair:2   | Killed Harold
 16449 | Lair:1   | Reached XP level 12. HP: 81/81 MP: 19/19
 16813 | Lair:2   | Noticed a death yak
 16818 | Lair:2   | Noticed a death yak
 16827 | Lair:2   | Noticed a death yak
 17048 | Lair:2   | Reached skill level 5 in Evocations
 17130 | Lair:2   | Reached skill level 16 in Polearms
 17148 | Lair:2   | Noticed a queen ant
 17809 | Lair:2   | Noticed an eight-headed hydra
 17882 | Lair:2   | Killed an eight-headed hydra
 18109 | Lair:3   | Found a dark tunnel.
 18113 | Lair:3   | Noticed Urug
 18115 | Lair:3   | Noticed Gastronok
 18372 | Lair:3   | Starved to death

Vault maps used:
D:1:      scummos_arrival_hexagon
D:2:      lemuel_doored_altar, grunt_ministairs_8
D:3:      first_bread, gup_sewer_entry_spiral
D:4:      serial_shops, nicolae_shop_statue_plus
D:5:      lemuel_crystal_altar
D:6:      grunt_temple_overflow_cloverleaf, makhleb_blood_cavern_becter,
          uniq_grinder, uniq_pikel
D:7:      minmay_temple_entry_metal_lava, st_stairs_5
D:8:      uniq_erolcha, uniq_grum
D:9:      kiku_gazebo_pond_becter, lair_0_dummy, erik_orc_1
Lair:2:   zaba_antful_of_joy, uniq_harold
Lair:3:   minmay_shoals_entry_centaurs, nicolae_volcano_entry_lava_flow,
          minivault_19, beast_lair_carwin_4, uniq_gastronok, uniq_urug

Action                   |  1- 3 |  4- 6 |  7- 9 | 10-12 || total
-------------------------+-------+-------+-------+-------++-------
Melee: Mace              |    76 |    33 |       |       ||   109
       Flail             |    86 |    19 |       |       ||   105
       Short sword       |       |    97 |       |       ||    97
       Spear             |       |    92 |   345 |       ||   437
       Trident           |       |       |   471 |  1895 ||  2366
 Cast: Repel Missiles    |       |       |     2 |       ||     2
       Mephitic Cloud    |       |       |       |     4 ||     4
       Blink             |       |       |       |     2 ||     2
Invok: Potion Petition   |       |       |     1 |       ||     1
 Abil: Spit Poison       |       |     8 |     8 |    12 ||    28
Evoke: Wand              |       |       |       |     7 ||     7
       Phial of floods   |       |       |       |     1 ||     1
  Use: Potion            |     2 |     5 |     4 |    12 ||    23
       Scroll            |       |     7 |    12 |     9 ||    28
 Stab: Sleeping          |     2 |     9 |     7 |    15 ||    33
       Distracted        |       |       |     3 |     9 ||    12
       Confused          |       |       |       |     2 ||     2
  Eat: Meat ration       |     1 |     2 |     1 |     1 ||     5
       Bread ration      |       |       |     3 |     4 ||     7
       Beef jerky        |       |       |     1 |     3 ||     4
       Royal jelly       |       |       |       |     1 ||     1
       Pizza             |       |       |       |     2 ||     2
